 Dungeon Crawl Stone Soup version 0.26-a0-542-gbaa144ba5c (webtiles) character file.

Game seed: 14398411280988472150

5631 Eifo4Ohj9gu9Dob0ohLe the Basher (level 10, -10/86 HPs)
             Began as a Pale Draconian Berserker on Aug 17, 2020.
             Was an Elder of Trog.
             Mangled by a komodo dragon (22 damage)
             ... on level 9 of the Dungeon.
             The game lasted 00:59:06 (11130 turns).

Eifo4Ohj9gu9Dob0ohLe the Basher (DrBe)             Turns: 11130, Time: 00:59:07

Health: -10/86     AC: 17    Str: 21    XL:     10   Next: 46%
Magic:  0/10       EV: 15    Int:  8    God:    Trog [****..]
Gold:   418        SH:  0    Dex: 12    Spells: 9/9 levels left

rFire    . . .     SeeInvis .   u - +2 flail (protect)
rCold    . . .     Faith    .   (no shield)
rNeg     . . .     Spirit   +   (armour unavailable)
rPois    .         Reflect  .   (helmet restricted)
rElec    .         Harm     .   (no cloak)
rCorr    .                      e - +2 pair of gloves
MR       .....                  (no boots)
Stlth    ++........             n - amulet of guardian spirit
HPRegen  0.24/turn              (no ring)
MPRegen  0.12/turn              (no ring)

@: protection aura
A: breathe steam, unfitting armour, cold-blooded, AC +7
a: Breathe Steam, Berserk, Trog's Hand, Brothers in Arms, Renounce Religion


You were on level 9 of the Dungeon.
You worshipped Trog.
Trog was greatly pleased with you.
You visited 1 branch of the dungeon, and saw 9 of its levels.

You collected 418 gold pieces.

Inventory:

Hand Weapons
 a - a +0 mace
 j - a +0 morningstar
 m - a +2 falchion of protection
 u - a +2 flail of protection (weapon)
 E - a +6 vorpal battleaxe
Missiles
 t - 4 throwing nets (quivered)
Armour
 e - a +2 pair of gloves (worn)
Jewellery
 i - a cursed ring of teleportation
 n - an amulet of guardian spirit (around neck)
 B - an uncursed ring of ice
 D - an uncursed ring of flight
Wands
 h - a wand of random effects (22)
 k - a wand of disintegration (15)
 p - a wand of polymorph (20)
 x - a wand of digging (3)
 C - a wand of flame (23)
Scrolls
 b - 8 scrolls of remove curse
 c - 11 scrolls of identify
 d - 2 scrolls of fog
 f - 7 scrolls of teleportation
 g - a scroll of fear
 o - a scroll of blinking
 y - a scroll of enchant armour
Potions
 l - a potion of resistance {unknown}
 q - 2 potions of might
 r - a potion of curing
 s - a potion of ambrosia
 v - 2 potions of heal wounds
 w - 2 potions of lignification
 z - 2 potions of stabbing
 A - 3 potions of haste
 F - a potion of flight


   Skills:
 + Level 7.5 Fighting
 * Level 12.6 Maces & Flails
 + Level 6.4 Dodging
 + Level 2.8 Stealth


You had 9 spell levels left.
You didn't know any spells.
Your spell library contained the following spells:

 Spells                   Type           Power        Failure   Level
 Animate Skeleton         Necr           #.....       41%         1
 Apportation              Tloc           #.....       41%         1
 Corona                   Hex            #......      41%         1
 Summon Small Mammal      Summ           #...         41%         1
 Ensorcelled Hibernation  Hex/Ice        #.....       54%         2
 Confusing Touch          Hex            #.......     78%         3
 Dazzling Flash           Conj/Hex       #.....       78%         3
 Tukima's Dance           Hex            #.......     78%         3


Dungeon Overview and Level Annotations

Branches:
Dungeon (9/15)             Temple (0/1) D:4
   Lair: D:8-11         Orc: D:9-12

Altars:
Ashenzari
Cheibriados
Dithmenos
Nemelex Xobeh
Qazlal
Sif Muna
Trog
Uskayaw
Vehumet
Wu Jian
Xom
Yredelemnul
The Shining One


Innate Abilities, Weirdness & Mutations

You can breathe blasts of scalding, opaque steam.
Your pale cyan-grey scales are hard. (AC +7)
You cannot fit into any form of body armour.
You are cold-blooded and may be slowed by cold attacks.


Message History

You hit the komodo dragon but do no damage.
You tail-slap the komodo dragon, but do no damage.
The komodo dragon is heavily wounded.
The sentinel's mark upon you fades away.
The komodo dragon bites you but does no damage.
You hit the komodo dragon.
Your tail-slap misses the komodo dragon.
The komodo dragon is heavily wounded.
You closely miss the komodo dragon.
The komodo dragon is heavily wounded.
The komodo dragon bites you!!
You sock the komodo dragon! You tail-slap the komodo dragon.
The komodo dragon is almost dead.
The komodo dragon bites you!!
* * * LOW HITPOINT WARNING * * *
You closely miss the komodo dragon.
Your tail-slap misses the komodo dragon.
The komodo dragon is almost dead.
The komodo dragon bites you!!
You die...

###..# +...#
#....# #...+
#....# #...#
#....# +....
##....# #.###
#.....# #.#
#.<...# #.
#...)l########
#####@........ ##
#.†........... ..
#.............. ..
#.............####
#....#+####...#...
#....# #...#...
#....# #...#...
#....# #...#...
#....# #...'...


You could see a komodo dragon.

Vanquished Creatures
  Harold (D:9)
  Maurice (D:8)
  Joseph (D:7)
  Maggie (D:7)
  Prince Ribbit (D:5)
  Grinder (D:6)
  A hornet (D:7)
  3 hippogriffs
  A wyvern (D:9)
  3 orc warriors
  A black bear (D:9)
  2 phantoms
  4 ogres
  5 centaurs
  A bullfrog (D:6)
  2 scorpions
  5 wights (D:3)
  3 howler monkeys
  A centaur zombie (D:5)
  4 jellies
  A hound (D:7)
  A gnoll shaman (D:9)
  3 orc priests
  2 bullfrog skeletons
  4 orc wizards
  Jessica (D:3)
  Terence (D:3)
  An iguana (D:5)
  A killer bee zombie (D:8)
  5 worker ants
  2 hound skeletons
  A worker ant zombie (D:5)
  Robin (D:3)
  7 gnolls
  9 adders
  A shadow imp (D:7)
  A white imp (D:5)
  An adder skeleton (D:7)
  5 worms
  3 dart slugs
  6 leopard geckos
  20 orcs
  5 giant cockroaches
  13 goblins
  12 hobgoblins
  2 jackals (D:7)
  9 kobolds
  5 quokkas
  A ball python (D:3)
  4 bats
  7 frilled lizards
  A giant cockroach zombie (D:5)
  A jackal skeleton (D:4)
  A leopard gecko zombie (D:7)
  7 rats
187 creatures vanquished.

Vanquished Creatures (collateral kills)
  A jelly (D:8)
  2 adders (D:7)
  2 jackals (D:7)
5 creatures vanquished.

Grand Total: 192 creatures vanquished

Notes
Turn   | Place    | Note
-------+----------+-------------------------------------------
     0 | D:1      | Eifo4Ohj9gu9Dob0ohLe the Draconian Berserker began the
                  | quest for the Orb.
     0 | D:1      | Reached XP level 1. HP: 19/19 MP: 1/1
   372 | D:1      | Reached XP level 2. HP: 21/26 MP: 2/2
  1040 | D:2      | Reached XP level 3. HP: 29/31 MP: 3/3
  1057 | D:2      | Reached ** piety under Trog
  1283 | D:2      | Found a hide-covered altar of Uskayaw.
  1427 | D:2      | Found a snail-covered altar of Cheibriados.
  1549 | D:2      | Reached skill level 4 in Maces & Flails
  1660 | D:2      | Reached XP level 4. HP: 10/40 MP: 4/4
  2269 | D:3      | Noticed Robin
  2600 | D:3      | Killed Robin
  2796 | D:3      | Noticed Jessica
  2806 | D:3      | Killed Jessica
  2806 | D:3      | Reached XP level 5. HP: 31/46 MP: 5/5
  2996 | D:3      | Noticed Terence
  3006 | D:3      | Killed Terence
  3213 | D:3      | Reached *** piety under Trog
  3564 | D:3      | Reached skill level 5 in Maces & Flails
  3569 | D:3      | Reached skill level 1 in Stealth
  3569 | D:3      | Reached XP level 6. HP: 35/53 MP: 6/6
  4939 | D:4      | Found an ornate altar of the Wu Jian Council.
  5303 | D:4      | Reached skill level 6 in Maces & Flails
  5303 | D:4      | Your scales start taking on a pale cyan-grey colour.
  5303 | D:4      | Reached XP level 7. HP: 45/60 MP: 7/7
  5449 | D:4      | Found a sparkling altar of Nemelex Xobeh.
  5502 | D:4      | Found a staircase to the Ecumenical Temple.
  6085 | D:5      | Entered Level 5 of the Dungeon
  6085 | D:5      | Noticed Prince Ribbit
  6107 | D:5      | Killed Prince Ribbit
  6107 | D:5      | Reached skill level 5 in Fighting
  6361 | D:5      | Reached skill level 7 in Maces & Flails
  6398 | D:5      | Reached XP level 8. HP: 31/68 MP: 6/8
  6808 | D:5      | Found a radiant altar of Vehumet.
  6813 | D:5      | Reached skill level 8 in Maces & Flails
  7296 | D:5      | Found a shimmering blue altar of Sif Muna.
  7411 | D:5      | Reached **** piety under Trog
  7833 | D:6      | Found a glowing golden altar of the Shining One.
  7835 | D:6      | Noticed an angel
  7842 | D:6      | Found a basalt altar of Yredelemnul.
  7844 | D:6      | Noticed a profane servitor
  7870 | D:6      | Noticed Grinder
  7891 | D:6      | Killed Grinder
  7891 | D:6      | Reached skill level 9 in Maces & Flails
  7891 | D:6      | Reached skill level 5 in Dodging
  8187 | D:6      | Found a radiant altar of Vehumet.
  8532 | D:7      | Reached XP level 9. HP: 75/75 MP: 9/9
  8564 | D:7      | Reached skill level 10 in Maces & Flails
  8571 | D:7      | Noticed Maggie
  8632 | D:7      | Killed Maggie
  8871 | D:7      | Noticed Joseph
  8896 | D:7      | Killed Joseph
  9252 | D:7      | Found a shadowy altar of Dithmenos.
  9253 | D:7      | Found a bloodstained altar of Trog.
  9253 | D:7      | Found a shimmering altar of Xom.
  9254 | D:7      | Found a stormy altar of Qazlal.
  9265 | D:7      | Reached skill level 11 in Maces & Flails
  9463 | D:7      | Found a shattered altar of Ashenzari.
 10043 | D:8      | Noticed Maurice
 10090 | D:8      | Killed Maurice
 10241 | D:9      | Reached XP level 10. HP: 84/84 MP: 10/10
 10468 | D:9      | Noticed Harold
 10492 | D:9      | Killed Harold
 10492 | D:9      | Reached skill level 12 in Maces & Flails
 11130 | D:9      | Mangled by a komodo dragon

Illustrated notes

Levels and vault maps discovered:
D:1:      enne_arrival_octagon_isle, layout_basic
D:2:      layout_basic, lemuel_doored_altar, kennysheep_slug_shrine
D:3:      layout_loops_ring, uniq_terence, uniq_jessica, uniq_robin
D:4:      layout_cave_pods, nemelex_xobeh_ov_fountains_minmay,
          lemuel_coloured_pillars_altar, minmay_temple_entry_junction,
          minmay_a_box_with_orc_wizards_in_it
D:5:      layout_basic, led_sif_book, basic_altar, uniq_prince_ribbit1
D:6:      layout_basic, grunt_temple_overflow_holy_war,
          overflow_temple_1_default, uniq_grinder
D:7:      layout_basic, ashenzari_conservatory_becter,
          chequers_temple_overflow_statue_of_worship, minmay_chambers_of_fives,
          uniq_joseph, uniq_maggie
D:8:      layout_cave_pools, minmay_misc_feat_tower, uniq_maurice,
          uniq_gastronok
D:9:      layout_irregular_city, erik_lair_dragon, uniq_harold

Skill      XL: |  1  2  3  4  5  6  7  8  9 10 |
---------------+-------------------------------+-----
Dodging        | 3 4 5 6 |  6.4
Maces & Flails | 4 5 6 7 9 11 12 | 12.6
Fighting       | 4 5 6 7 |  7.5
Stealth        | 1 2 |  2.8

Action                   |  1- 3 |  4- 6 |  7- 9 | 10-12 || total
-------------------------+-------+-------+-------+-------++-------
Melee: Mace              |   106 |   216 |    21 |       ||   343
       Tailslap          |    16 |    24 |    37 |    17 ||    94
       Morningstar       |       |       |   115 |       ||   115
       Flail             |       |       |   175 |    98 ||   273
Invok: Berserk           |       |     7 |     5 |     2 ||    14
       Brothers in Arms  |       |       |     1 |       ||     1
 Abil: Breathe Steam     |       |       |     8 |     4 ||    12
Evoke: Wand              |       |       |     1 |       ||     1
  Use: Potion            |     4 |     8 |     2 |       ||    14
       Scroll            |     4 |     2 |     9 |       ||    15
 Stab: Sleeping          |       |     1 |       |     2 ||     3
Armor: Skin              |    24 |    55 |   108 |    36 ||   223
Dodge: Dodged            |    82 |   176 |   190 |    69 ||   517

Table legend: (Time is in decaauts)
 A = Elapsed time spent in this place.
 B = Non-inter-level travel time spent in this place.
 C = Inter-level travel time spent in this place.
 D = Time resting spent in this place.
 E = Time spent auto-exploring this place.
 F = Levels seen in this place.
 G = Mean time per level.
                   A        B        C        D        E       F      G
               +--------+--------+--------+--------+--------+-----+--------+
         Total |  11298 |  11292 |      6 |   4737 |   1600 |   9 | 1255.3 |
       Dungeon |  11298 |  11292 |      6 |   4737 |   1600 |   9 | 1255.3 |
               +--------+--------+--------+--------+--------+-----+--------+

Top non-repeatable levels by time:
     D:3: 2414 daAuts
     D:2: 1523 daAuts
     D:4: 1455 daAuts
     D:7: 1338 daAuts
     D:5: 1172 daAuts
     D:6: 1058 daAuts
     D:1: 1050 daAuts
     D:9: 901 daAuts
     D:8: 384 daAuts
